 Dungeon Crawl Stone Soup version 0.27.1-34-g3ba077fa99 (webtiles) character file.

Game seed: 6964658483151171285

182 alasdair19 the Shield-Bearer (level 5, -2/46 HPs)
             Began as a Minotaur Fighter on Jan 6, 2022.
             Succumbed to a killer bee's poison
             ... on level 4 of the Dungeon on Jan 7, 2022.
             The game lasted 00:07:26 (2694 turns).

alasdair19 the Shield-Bearer (Minotaur Fighter)     Turns: 2694, Time: 00:07:26

Health: -2/46      AC: 10    Str: 19 (21) XL:     5   Next: 35%
Magic:  4/4        EV:  7    Int:  3 (6)  God:
Gold:   68         SH:  9    Dex:  6 (9)  Spells: 4/4 levels left

rFire    . . .     SeeInvis .   e - +0 long sword
rCold    . . .     Faith    .   c - +0 kite shield
rNeg     . . .     Spirit   .   b - +0 scale mail
rPois    .         Reflect  .   (helmet restricted)
rElec    .         Harm     .   (no cloak)
rCorr    .         Rampage  .   (no gloves)
Will     .....                  u - +2 pair of boots
Stlth    ..........             r - amulet of the acrobat
HPRegen  0.15/turn              (no ring)
MPRegen  0.09/turn              (no ring)

@: mighty, lethally poisoned (-2 -> -14), attractive, flying
A: horns 2, retaliatory headbutt
a: no special abilities


You were on level 4 of the Dungeon.
You visited 1 branch of the dungeon, and saw 4 of its levels.

You collected 68 gold pieces.

Inventory:

Hand Weapons
 e - a +0 long sword (weapon)
 q - a +0 hunting sling
Missiles
 l - 103 stones (quivered)
Armour
 b - a +0 scale mail (worn)
 c - a +0 kite shield (worn)
 u - a +2 pair of boots (worn)
Jewellery
 r - an amulet of the acrobat (around neck)
Scrolls
 a - a scroll of noise {unknown}
 f - a scroll of teleportation {unknown}
 k - 2 scrolls of fog {unknown}
 m - a scroll of blinking
 n - a scroll of acquirement {unknown}
 o - a scroll of silence {unknown}
 p - 2 scrolls of identify {unknown}
 t - a scroll of enchant armour {unknown}
Potions
 h - a potion of ambrosia
 j - a potion of heal wounds


   Skills:
 + Level 4.1 Fighting
 + Level 3.9 Long Blades
 + Level 1.1 Slings
 + Level 4.9 Armour
 - Level 0.1 Dodging
 + Level 5.0 Shields


You had 4 spell levels left.
You didn't know any spells.
Your spell library contained the following spells:

 Spells                   Type           Power      Damage    Failure   Level
 Call Canine Familiar     Summ           0%         N/A       100%        3
 Portal Projectile        Hex/Tloc       0%         N/A       100%        3
 Leda's Liquefaction      Hex/Erth       0%         N/A       100%        4


Dungeon Overview and Level Annotations

Branches:
Dungeon (4/15)
 Temple: D:4-7

Altars:
Kikubaaqudgha
Zin


Innate Abilities, Weirdness & Mutations

You have a pair of horns on your head.
You reflexively headbutt those who attack you in melee.


Message History

The killer bee poisons you!
It was a potion of attraction.
You feel attractive to monsters.
You feel very sick. You block the killer bee's attack.
The killer bee barely misses you.
It was a potion of degeneration.
There was something very wrong with that liquid.
You feel weakened.
You feel dopey.
You feel clumsy.
* * * LOW HITPOINT WARNING * * *
You feel very sick.
The killer bee stings you but does no damage.
The killer bee stings you.
* * * LOW HITPOINT WARNING * * *
It was a potion of flight.
You feel very buoyant.
You fly up into the air.
* * * LOW HITPOINT WARNING * * *
You feel very sick. You block the killer bee's attack.
The killer bee stings you.
* * * LOW HITPOINT WARNING * * *
Blink to where?
Press: ? - help, Dir - move target, f - you Are you sure you want to cancel this blink?
Blink to where?
Press: ? - help, Dir - move target, f - you Are you sure you want to cancel this blink?
Blink to where?
Press: ? - help, Dir - move target, f - you Are you sure you want to cancel this blink? [Y]es or [N]o only, please.
Are you sure you want to cancel this blink? [Y]es or [N]o only, please.
Are you sure you want to cancel this blink? [Y]es or [N]o only, please.
Are you sure you want to cancel this blink?
Blink to where?
Press: ? - help, Dir - move target
As you read the scroll labelled TEBLEA GEFOMUG, it crumbles to dust.
It was a scroll of blinking.
You die...

#... #..... .!..###....
..........# ..........#
..........#
..........##
...........##########
....$..@.:yyy§.......
##........##S##########
#<..........Zr.
#..........###.#
#..........# .#
#..........# #
#...........
##.......<.. #?.....


You could see 3 killer bees and an adder.

Vanquished Creatures
  A killer bee (D:4)
  A hound (D:3)
  Ijyb (D:3)
  3 adders
  A worm (D:3)
  A dart slug (D:1)
  7 ball pythons
  4 bats
  3 endoplasms
  2 giant cockroaches
  6 goblins
  4 hobgoblins
  5 jackals
  A quokka (D:1)
  4 frilled lizards
  3 kobolds (D:1)
  A rat (D:1)
48 creatures vanquished.

Notes
Turn   | Place    | Note
-------+----------+-------------------------------------------
     0 | D:1      | alasdair19 the Minotaur Fighter began the quest for the
                  | Orb.
     0 | D:1      | Reached XP level 1. HP: 19/19 MP: 0/0
   249 | D:1      | Reached skill level 4 in Shields
   253 | D:1      | Reached XP level 2. HP: 26/27 MP: 1/1
   465 | D:1      | Reached XP level 3. HP: 32/33 MP: 2/2
  2097 | D:3      | Reached XP level 4. HP: 40/40 MP: 3/3
  2292 | D:3      | Found a faded altar of an unknown god.
  2344 | D:3      | Found a glowing silver altar of Zin.
  2355 | D:3      | Found an ancient bone altar of Kikubaaqudgha.
  2401 | D:3      | Noticed Ijyb
  2411 | D:3      | Killed Ijyb
  2412 | D:3      | Reached XP level 5. HP: 46/46 MP: 4/4
  2679 | D:4      | Reached skill level 1 in Slings
  2679 | D:4      | Reached skill level 5 in Shields
  2693 | D:4      | HP: 2/46 [poisoned by a killer bee]
  2694 | D:4      | Succumbed to a killer bee's poison

Illustrated notes

Levels and vault maps discovered:
D:1:      dpeg_arrival_arbitrary_a, layout_loops_ring
D:2:      layout_loops_ring
D:3:      layout_rooms, mainiacjoe_overflow_catwalk_spiral,
          basic_ecumenical_altar, minmay_starry_boxes, uniq_ijyb
D:4:      layout_rooms, slow_altar_1, serial_shops, kennysheep_mini_moat

Skill      XL: |  1  2  3  4  5 |
---------------+----------------+-----
Shields        | 4 5 |  5.0
Armour         | 4 |  4.9
Long Blades    | 3 |  3.9
Fighting       | 4 |  4.1
Slings         | 1 |  1.1
Dodging        | |  0.1

Action                   |  1- 3 |  4- 6 || total
-------------------------+-------+-------++-------
Melee: Long sword        |    92 |    34 ||   126
       Headbutt          |    10 |     3 ||    13
 Fire: Hunting sling     |     7 |     7 ||    14
  Use: Potion            |       |     6 ||     6
       Scroll            |       |     1 ||     1
Armor: Scale mail        |    41 |    17 ||    58
Dodge: Dodged            |    22 |    23 ||    45
Block: Kite shield       |    67 |    26 ||    93
       Rpst.: Long sword |     3 |     6 ||     9
